BSA
GREENVILLE 84S @ JERSEY SHORE D-BAGS
10/18/2025
 
TOP OF THE 1ST
Greenville 84s batting - Pitching for Jersey Shore D-Bags : RHP Sergio Martínez
Pitching: RHP Sergio Martínez
Batting: RHB Carlos Torres 0-0: Ball
1-0: Called Strike
1-1: Bunt for hit - play at first, batter OUT! 5-3
Batting: LHB Chris Moore 0-0: Called Strike
0-1: SINGLE (Line Drive, 6D)
Batting: RHB Enzo Díaz 0-0: Called Strike
0-1: Called Strike
0-2: Strikes out swinging
Batting: LHB Jimmy Vickers 0-0: Foul Ball, location: 2F
0-1: Called Strike
0-2: Ball
1-2: Ball
2-2: Fly out, F6 (Popup, 56D)
Top of the 1st over - 0 run(s), 1 hit(s), 0 error(s), 1 left on base; Greenville 0 - Jersey Shore 0
BOTTOM OF THE 1ST
Jersey Shore D-Bags batting - Pitching for Greenville 84s : LHP Eduardo Trujillo
Pitching: LHP Eduardo Trujillo
Batting: RHB Ricardo González 0-0: Ball
1-0: Swinging Strike
1-1: Swinging Strike
1-2: Strikes out swinging
Batting: RHB Millard Boyd 0-0: Ball
1-0: Ball
2-0: Fly out, F9 (Flyball, 9M)
Batting: SHB Tadahisa Kisuki 0-0: Ball
1-0: Swinging Strike
1-1: Foul Ball, location: 2F
1-2: Foul Ball, location: 2F
1-2: Ball
2-2: Ball
3-2: Reached on error, E6 (Groundball, 6)
Batting: LHB Dave Dodd 0-0: Called Strike
0-1: Fly out, F9 (Line Drive, 89D)
Bottom of the 1st over - 0 run(s), 0 hit(s), 1 error(s), 1 left on base; Greenville 0 - Jersey Shore 0
TOP OF THE 2ND
Greenville 84s batting - Pitching for Jersey Shore D-Bags : RHP Sergio Martínez
Batting: LHB Paco Rosas 0-0: Ball
1-0: Ball
2-0: Called Strike
2-1: Foul Ball, location: 2F
2-2: Ball
3-2: Foul Ball, location: 2F
3-2: Ground out 1-3 (Groundball, 15S)
Batting: LHB Kiyonaga Morita 0-0: Ball
1-0: Foul Ball, location: 2F
1-1: Foul Ball, location: 2F
1-2: Ground out 6-3 (Groundball, 6)
Batting: LHB José Costa 0-0: Ball
1-0: Ball
2-0: Called Strike
2-1: Swinging Strike
2-2: Foul Ball, location: 2F
2-2: Strikes out swinging
Top of the 2nd over - 0 run(s), 0 hit(s), 0 error(s), 0 left on base; Greenville 0 - Jersey Shore 0
BOTTOM OF THE 2ND
Jersey Shore D-Bags batting - Pitching for Greenville 84s : LHP Eduardo Trujillo
Batting: RHB Miguel Serna 0-0: Ball
1-0: Ball
2-0: Foul Ball, location: 2F
2-1: Foul Ball, location: 2F
2-2: Strikes out swinging
Batting: LHB Dave Watt 0-0: Called Strike
0-1: Ball
1-1: Ball
2-1: DOUBLE (Line Drive, 9LD)
Batting: RHB Wilson Martínez 0-0: Swinging Strike
0-1: Ball
1-1: Fly out, F7 (Flyball, 78M)
Batting: RHB Luis Ríos 0-0: Ball
1-0: Called Strike
1-1: Ball
2-1: Swinging Strike
2-2: Ground out 6-3 (Groundball, 56)
Bottom of the 2nd over - 0 run(s), 1 hit(s), 0 error(s), 1 left on base; Greenville 0 - Jersey Shore 0
TOP OF THE 3RD
Greenville 84s batting - Pitching for Jersey Shore D-Bags : RHP Sergio Martínez
Batting: LHB Brock Larsen 0-0: Foul Ball, location: 2F
0-1: Foul Ball, location: 2F
0-2: Ball
1-2: Foul Ball, location: 2F
1-2: Ground out 4-3 (Groundball, 4M)
Batting: LHB Mario Cornelo 0-0: Swinging Strike
0-1: Foul Ball, location: 2F
0-2: Strikes out swinging
Batting: RHB Carlos Torres 0-0: Called Strike
0-1: Ball
1-1: Swinging Strike
1-2: Ball
2-2: Foul Ball, location: 2F
2-2: Ball
3-2: SINGLE (Line Drive, 89S)
Batting: LHB Chris Moore 0-0: Called Strike
0-1: Ball
1-1: Foul Ball, location: 2F
1-2: Ball
2-2: Ball
Carlos Torres steals 2nd base
3-2: SINGLE (Groundball, 34S)
Carlos Torres to third
Carlos Torres scores
Batting: RHB Enzo Díaz 0-0: Called Strike
0-1: SINGLE (Line Drive, 6D)
Chris Moore to second
Batting: LHB Jimmy Vickers 0-0: Swinging Strike
0-1: Ball
1-1: Foul Ball, location: 2F
1-2: Ball
2-2: Ball
3-2: Strikes out swinging
Top of the 3rd over - 1 run(s), 3 hit(s), 0 error(s), 2 left on base; Greenville 1 - Jersey Shore 0
BOTTOM OF THE 3RD
Jersey Shore D-Bags batting - Pitching for Greenville 84s : LHP Eduardo Trujillo
Batting: RHB Cy Keynes 0-0: Swinging Strike
0-1: Foul Ball, location: 2F
0-2: Ball
1-2: Ground out 3-1 (Groundball, 23)
Batting: RHB Ricardo González 0-0: Called Strike
0-1: Ball
1-1: Ball
2-1: Fly out, F9 (Flyball, 89S)
Batting: RHB Millard Boyd 0-0: Swinging Strike
0-1: Ball
1-1: Fly out, F7 (Flyball, 7D)
Bottom of the 3rd over - 0 run(s), 0 hit(s), 0 error(s), 0 left on base; Greenville 1 - Jersey Shore 0
TOP OF THE 4TH
Greenville 84s batting - Pitching for Jersey Shore D-Bags : RHP Sergio Martínez
Batting: LHB Paco Rosas 0-0: Foul Ball, location: 2F
0-1: Ball
1-1: Foul Ball, location: 2F
1-2: SINGLE (Line Drive, 34D)
Batting: LHB Kiyonaga Morita 0-0: Ball
1-0: Grounds into double play, 3-6-1 (Groundball, 3)
Batting: LHB José Costa 0-0: SINGLE (Groundball, 34D) (infield hit)
Batting: LHB Brock Larsen 0-0: Ball
1-0: Ball
2-0: Ground out 1-3 (Groundball, 13)
Top of the 4th over - 0 run(s), 2 hit(s), 0 error(s), 1 left on base; Greenville 1 - Jersey Shore 0
BOTTOM OF THE 4TH
Jersey Shore D-Bags batting - Pitching for Greenville 84s : LHP Eduardo Trujillo
Batting: SHB Tadahisa Kisuki 0-0: Ball
1-0: Ball
2-0: Ground out 4-3 (Groundball, 4)
Batting: LHB Dave Dodd 0-0: Ball
1-0: Called Strike
1-1: Called Strike
1-2: Ground out 5-3 (Groundball, 5S)
Batting: RHB Miguel Serna 0-0: Swinging Strike
0-1: Foul Ball, location: 2F
0-2: Strikes out looking
Bottom of the 4th over - 0 run(s), 0 hit(s), 0 error(s), 0 left on base; Greenville 1 - Jersey Shore 0
TOP OF THE 5TH
Greenville 84s batting - Pitching for Jersey Shore D-Bags : RHP Sergio Martínez
Batting: LHB Mario Cornelo 0-0: Ball
1-0: Ground out 5-3 (Groundball, 5)
Batting: RHB Carlos Torres 0-0: Foul Ball, location: 2F
0-1: Ball
1-1: Called Strike
1-2: Fly out, F9 (Flyball, 9S)
Batting: LHB Chris Moore 0-0: Foul Ball, location: 2F
0-1: SINGLE (Line Drive, 6M)
Batting: RHB Enzo Díaz 0-0: Called Strike
0-1: DOUBLE (Line Drive, 8LD)
Chris Moore to third
Batting: LHB Jimmy Vickers 0-0: SINGLE (Groundball, 34D)
Chris Moore scores
Enzo Díaz to third
Runner from 3rd tries for Home, SAFE, throw made home
Batting: LHB Paco Rosas 0-0: Called Strike
0-1: Ball
1-1: Swinging Strike
1-2: Ball
2-2: Foul Ball, location: 2F
2-2: Ball
3-2: Foul Ball, location: 2F
3-2: DOUBLE (Flyball, 89D)
Jimmy Vickers to third
Jimmy Vickers scores
Batting: LHB Kiyonaga Morita 0-0: Intentional Walk
Batting: LHB José Costa 0-0: Ball
1-0: Ball
2-0: Swinging Strike
2-1: DOUBLE (Flyball, 89D)
Paco Rosas scores
Kiyonaga Morita to third
Runner from 3rd tries for Home, SAFE, no throw or cutoff
Batting: LHB Brock Larsen 0-0: SINGLE (Groundball, 6MD)
José Costa to third
Runner from 3rd tries for Home, SAFE, no throw or cutoff
Pitching: RHP Luis Cortéz
Batting: LHB Mario Cornelo 0-0: Called Strike
0-1: Ball
1-1: Called Strike
Brock Larsen steals 2nd base
1-2: Ball
2-2: Fly out, F8 (Flyball, 8LD)
Top of the 5th over - 6 run(s), 6 hit(s), 0 error(s), 1 left on base; Greenville 7 - Jersey Shore 0
BOTTOM OF THE 5TH
Jersey Shore D-Bags batting - Pitching for Greenville 84s : LHP Eduardo Trujillo
Batting: LHB Dave Watt 0-0: Fly out, F5 (Popup, 15)
Batting: RHB Wilson Martínez 0-0: Fly out, F7 (Line Drive, 7M)
Batting: RHB Luis Ríos 0-0: Called Strike
0-1: Swinging Strike
0-2: Foul Ball, location: 2F
0-2: Strikes out swinging
Bottom of the 5th over - 0 run(s), 0 hit(s), 0 error(s), 0 left on base; Greenville 7 - Jersey Shore 0
TOP OF THE 6TH
Greenville 84s batting - Pitching for Jersey Shore D-Bags : RHP Luis Cortéz
Batting: RHB Carlos Torres 0-0: Ball
1-0: Fly out, F6 (Popup, 6M)
Batting: LHB Chris Moore 0-0: Swinging Strike
0-1: Ball
1-1: Foul Ball, location: 2F
1-2: Ball
2-2: Foul Ball, location: 2F
2-2: Ball
3-2: SINGLE (Groundball, 4MD)
Batting: RHB Enzo Díaz 0-0: Called Strike
0-1: Ball
1-1: Called Strike
1-2: Ball
2-2: Ball
3-2: Hit by Pitch
Chris Moore to second
Batting: LHB Jimmy Vickers 0-0: Ball
1-0: Foul Ball, location: 2F
1-1: Swinging Strike
1-2: 3-RUN HOME RUN (Flyball, 9D), Distance : 358 ft
Pitching: RHP Johnathan Phillips
Batting: LHB Paco Rosas 0-0: Swinging Strike
0-1: Swinging Strike
0-2: SOLO HOME RUN (Line Drive, 9LD), Distance : 348 ft
Batting: LHB Kiyonaga Morita 0-0: Ball
1-0: Ball
2-0: Called Strike
2-1: Swinging Strike
2-2: Foul Ball, location: 2F
2-2: Ball
3-2: Strikes out swinging
Pinch Hitting: RHB Vic Langlois 0-0: Ball
1-0: Ball
2-0: Called Strike
2-1: Foul Ball, location: 2F
2-2: Strikes out looking
Top of the 6th over - 4 run(s), 3 hit(s), 0 error(s), 0 left on base; Greenville 11 - Jersey Shore 0
BOTTOM OF THE 6TH
Jersey Shore D-Bags batting - Pitching for Greenville 84s : LHP Eduardo Trujillo
Now in LF: Vicente Bueno
Batting: RHB Cy Keynes 0-0: Swinging Strike
0-1: Ball
1-1: Foul Ball, location: 2F
1-2: Foul Ball, location: 2F
1-2: SINGLE (Groundball, 5L)
Batting: RHB Ricardo González 0-0: Ball
1-0: Foul Ball, location: 2F
1-1: Ball
2-1: Foul Ball, location: 2F
2-2: Grounds into double play, 6-4-3 (Groundball, 6M)
Batting: RHB Millard Boyd 0-0: Ball
1-0: Swinging Strike
1-1: Foul Ball, location: 2F
1-2: Ground out 4-3 (Groundball, 4)
Bottom of the 6th over - 0 run(s), 1 hit(s), 0 error(s), 0 left on base; Greenville 11 - Jersey Shore 0
TOP OF THE 7TH
Greenville 84s batting - Pitching for Jersey Shore D-Bags : RHP Johnathan Phillips
Batting: LHB Brock Larsen 0-0: Ball
1-0: Ball
2-0: Ball
3-0: Called Strike
3-1: Base on Balls
Batting: LHB Mario Cornelo 0-0: Ball
1-0: Called Strike
1-1: Swinging Strike
1-2: Foul Ball, location: 2F
1-2: Ball
2-2: Ball
3-2: Fielders Choice at 2nd, 4-6 (Groundball, 34)
Batting: RHB Carlos Torres 0-0: Ball
1-0: Called Strike
1-1: Swinging Strike
1-2: Fly out, F3 (Popup, 23F)
Batting: LHB Chris Moore 0-0: Ball
1-0: Ball
2-0: Foul Ball, location: 2F
2-1: Called Strike
2-2: Strikes out swinging
Top of the 7th over - 0 run(s), 0 hit(s), 0 error(s), 1 left on base; Greenville 11 - Jersey Shore 0
BOTTOM OF THE 7TH
Jersey Shore D-Bags batting - Pitching for Greenville 84s : LHP Eduardo Trujillo
Batting: SHB Tadahisa Kisuki 0-0: Called Strike
0-1: Ground out 1-3 (Groundball, 13)
Batting: LHB Dave Dodd 0-0: Called Strike
0-1: Ball
1-1: Ball
2-1: Fly out, F3 (Popup, 15)
Batting: RHB Miguel Serna 0-0: Called Strike
0-1: Fly out, F9 (Flyball, 9D)
Bottom of the 7th over - 0 run(s), 0 hit(s), 0 error(s), 0 left on base; Greenville 11 - Jersey Shore 0
TOP OF THE 8TH
Greenville 84s batting - Pitching for Jersey Shore D-Bags : RHP Johnathan Phillips
Batting: RHB Enzo Díaz 0-0: Ball
1-0: Ball
2-0: Called Strike
2-1: Foul Ball, location: 2F
2-2: Foul Ball, location: 2F
2-2: Ground out 5-3 (Groundball, 56)
Pitching: RHP John Hall
Batting: LHB Jimmy Vickers 0-0: Called Strike
0-1: SINGLE (Groundball, 3D)
Batting: LHB Paco Rosas 0-0: Foul Ball, location: 2F
0-1: Ball
1-1: Foul Ball, location: 2F
1-2: Ball
2-2: Foul Ball, location: 2F
2-2: Ball
3-2: Fielders Choice at 2nd, 4-6 (Groundball, 34)
Batting: LHB Kiyonaga Morita 0-0: Ball
1-0: Called Strike
1-1: Ball
2-1: Ball
3-1: Base on Balls
Paco Rosas to second
Batting: LHB Vicente Bueno 0-0: Called Strike
0-1: Called Strike
0-2: DOUBLE (Flyball, 7LD)
Paco Rosas scores
Kiyonaga Morita to third
Runner from 3rd tries for Home, SAFE, no throw or cutoff
Batting: LHB Brock Larsen 0-0: Ground out 4-3 (Groundball, 4)
Top of the 8th over - 2 run(s), 2 hit(s), 0 error(s), 1 left on base; Greenville 13 - Jersey Shore 0
BOTTOM OF THE 8TH
Jersey Shore D-Bags batting - Pitching for Greenville 84s : LHP Eduardo Trujillo
Batting: LHB Dave Watt 0-0: Swinging Strike
0-1: Called Strike
0-2: Strikes out swinging
Batting: RHB Wilson Martínez 0-0: Ball
1-0: Ground out 5-3 (Groundball, 56)
Batting: RHB Luis Ríos 0-0: Ground out 6-3 (Groundball, 6)
Bottom of the 8th over - 0 run(s), 0 hit(s), 0 error(s), 0 left on base; Greenville 13 - Jersey Shore 0
TOP OF THE 9TH
Greenville 84s batting - Pitching for Jersey Shore D-Bags : RHP John Hall
Pitching: LHP Gerald Johnson
Batting: LHB Mario Cornelo 0-0: Ball
1-0: Called Strike
1-1: Foul Ball, location: 2F
1-2: Ball
2-2: Ball
3-2: Fly out, F8 (Flyball, 78M)
Batting: RHB Carlos Torres 0-0: Ball
1-0: Foul Ball, location: 2F
1-1: Ball
2-1: Foul Ball, location: 2F
2-2: Ball
3-2: Strikes out looking
Batting: LHB Chris Moore 0-0: Ball
1-0: Called Strike
1-1: Foul Ball, location: 2F
1-2: Ball
2-2: Ball
3-2: Base on Balls
Batting: RHB Enzo Díaz 0-0: Called Strike
0-1: Swinging Strike
0-2: Foul Ball, location: 2F
0-2: Ball
1-2: Foul Ball, location: 2F
1-2: Strikes out looking
Top of the 9th over - 0 run(s), 0 hit(s), 0 error(s), 1 left on base; Greenville 13 - Jersey Shore 0
BOTTOM OF THE 9TH
Jersey Shore D-Bags batting - Pitching for Greenville 84s : LHP Eduardo Trujillo
Pinch Hitting: RHB Owen Carter 0-0: Called Strike
0-1: Ball
1-1: Foul Ball, location: 2F
1-2: Ball
2-2: Foul Ball, location: 2F
2-2: Ground out 6-3 (Groundball, 6MS)
Pitching: RHP Tomás González
Batting: RHB Ricardo González 0-0: Foul Ball, location: 2F
0-1: Ball
1-1: Ball
2-1: Ball
3-1: Fly out, F8 (Flyball, 8RD)
Batting: RHB Millard Boyd 0-0: Foul Ball, location: 2F
0-1: Ball
1-1: Foul Ball, location: 2F
1-2: Ball
2-2: Fly out, F9 (Flyball, 9LM)
Bottom of the 9th over - 0 run(s), 0 hit(s), 0 error(s), 0 left on base; Greenville 13 - Jersey Shore 0
This league is powered by Out of the Park Baseball, the baseball management simulation game for PC, Mac and Linux
Tuesday, August 2nd, 2016 - OOTP Baseball 16.8 Build 38